 Dungeon Crawl Stone Soup version 0.30.0-10-gfe55d96785 (webtiles) character file.

Game seed: 8397270811189536249

23873 Edyrem the Victor of a Thousand Battles (level 13, -16/78 HPs)
             Began as a Kobold Gladiator on May 15, 2023.
             Was the Champion of Okawaru.
             Killed from afar by a bog body (30 damage)
             ... with a bolt of cold
             ... on level 3 of the Lair of Beasts.
             The game lasted 00:39:07 (16994 turns).

Edyrem the Victor of a Thousand Battles (KoGl)     Turns: 16994, Time: 00:39:08

Health: -16/78     AC: 10    Str: 19    XL:     13   Next: 38%
Magic:  0/22       EV: 25    Int:  9    God:    Okawaru [******]
Gold:   739        SH:  0    Dex: 26    Spells: 6/12 levels left

rFire   . . .        a - +0 rapier (venom)
rCold   . . .        (no shield)
rNeg    . . .        v - +2 leather armour "Ochesu" {Will+}
rPois   .            (no helmet)
rElec   .            x - +0 cloak
rCorr   .            Y - +0 pair of gloves
SInv    .            V - +1 pair of boots {Stlth+}
Will    +....        u - amulet of guardian spirit
Stlth   ++           Z - +6 ring of strength
HPRegen 0.00/turn    M - +6 ring of dexterity
MPRegen 0.18/turn

%: guardian spirit
@: inhibited regen, very slow
A: small, no large weapons, nightstalker 3, inhibited regeneration
a: Renounce Religion, Heroism, Finesse, Duel


You were on level 3 of the Lair of Beasts.
You worshipped Okawaru.
Okawaru was exalted by your worship.
You visited 2 branches of the dungeon, and saw 14 of its levels.
You also visited: Ossuary.

You collected 829 gold pieces.
You spent 90 gold pieces at shops.

Inventory:

Hand Weapons
 a - a +0 rapier of venom (weapon)
 b - a +1 short sword of speed
 c - a +0 short sword of electrocution
 J - a +1 rapier
Missiles
 d - 7 throwing nets
 e - 11 boomerangs
 s - 19 poisoned darts (quivered)
 R - 6 atropa-tipped darts
Armour
 r - a scarf of invisibility
 v - the +2 leather armour "Ochesu" (worn) {Will+}
   (You found it on level 3 of the Dungeon)

   Will:      It increases your willpower.
 x - a +0 cloak (worn)
 L - a +2 helmet
 V - a +1 pair of boots of stealth (worn)
 Y - a +0 pair of gloves (worn)
Jewellery
 k - a ring of resist corrosion
 u - an amulet of guardian spirit (around neck)
 y - a +5 ring of evasion
 C - a ring of wizardry
 H - a +4 ring of protection
 M - a +6 ring of dexterity (right hand)
 S - a +6 ring of dexterity
 Z - a +6 ring of strength (left hand)
Wands
 A - a wand of quicksilver (4)
 K - a wand of paralysis (10)
 N - a wand of mindburst (4)
 O - a wand of flame (10)
 P - a wand of roots (3)
 Q - a wand of digging (3)
Scrolls
 g - 2 scrolls of poison
 h - 4 scrolls of fog
 i - a scroll of identify {@r1}
 j - a scroll of enchant armour
 l - 2 scrolls of fear
 n - 2 scrolls of silence
 o - 4 scrolls of teleportation
 t - 4 scrolls of blinking
 w - 3 scrolls of magic mapping
 F - 3 scrolls of immolation
 I - a scroll of amnesia
Potions
 f - 3 potions of resistance
 m - 3 potions of haste
 p - 4 potions of brilliance
 q - 10 potions of curing {@q2}
 z - 2 potions of berserk rage {unknown}
 B - 3 potions of lignification
 D - a potion of heal wounds {@q1}
 E - 4 potions of cancellation
 G - 3 potions of might
 T - 3 potions of ambrosia {unknown}
 U - a potion of invisibility {unknown}
 W - a potion of magic {unknown}


   Skills:
 - Level 8.1 Fighting
 - Level 10.1 Short Blades
 - Level 12.0 Throwing
 + Level 6.9 Armour
 - Level 10.8 Dodging
 - Level 12.0 Invocations


You had 6 spell levels left.
You knew the following spells:

 Your Spells              Type           Power      Damage    Failure   Level
a - Confusing Touch       Hex            0%         N/A       80%         3
b - Swiftness             Air            0%         N/A       80%         3

Your spell library contained the following spells:

 Spells                   Type           Power      Damage    Failure   Level
 Freeze                   Ice            0%         1d3       43%         1
 Kiss of Death            Conj/Necr      0%         2d5       43%         1
 Shock                    Conj/Air       0%         1d3       43%         1
 Frozen Ramparts          Ice            0%         1d1       80%         3
 Hailstorm                Conj/Ice       0%         3d3       80%         3
 Vhi's Electric Charge    Tloc/Air       0%         N/A       80%         3
 Airstrike                Air            0%         2d(0-16)  99%         4
 Dispel Undead            Necr           0%         3d6       99%         4
 Ice Form                 Ice/Tmut       0%         N/A       99%         4
 Arcjolt                  Conj/Air       0%         1d10      100%        5
 Borgnjor's Vile Clutch   Necr/Erth      0%         N/A       100%        5
 Maxwell's Capacitive Co  Air            0%         ∞         100%        8
 Animate Dead             Necr           Unusable   N/A       N/A         4
 Summon Ice Beast         Ice/Summ       Unusable   N/A       N/A         4
 Death Channel            Necr           Unusable   N/A       N/A         6

Dungeon Overview and Level Annotations

Branches:
Dungeon (11/15)            Temple (0/1) D:7            Lair (3/5) D:8
  Swamp (0/4) Lair:3          Orc (0/2) D:10        Ossuary (visited)
  Snake: Lair:2-3    Spider: Lair:2-3

Altars:
Cheibriados
Dithmenos
Elyvilon
Fedhas
Gozag
Nemelex Xobeh
Okawaru
Qazlal
Ru
Trog
Vehumet
Xom
Zin

Shops:
D:5 *   D:7 *


Innate Abilities, Weirdness & Mutations

You are small and have problems with some larger weapons.
You are completely attuned to the shadows.
You do not regenerate when monsters are visible.


Message History

You enter the shallow water.
Moving in this stuff is going to be slow.
The bog body barely misses you.
You barely miss the bog body. The bog body closely misses you.
You puncture the bog body!
The bog body is moderately damaged.
You puncture the bog body!
The bog body is severely damaged.
The bog body touches you but does no damage. x2
Your unstable footing causes you to fumble your attack.
The bog body completely misses you.
The bog body touches you but does no damage.
You puncture the bog body!
The bog body is lightly damaged.
The bog body closely misses you.
The bog body points at you and mumbles some strange words.
The bolt of cold hits you!
You hit the bog body but do no damage.
The bog body is lightly damaged.
Your unstable footing causes you to fumble your attack.
The bog body completely misses you. The bog body misses you.
You hit the bog body.
The bog body is moderately damaged.
The bog body misses you.
The bog body gestures at you while chanting.
The bolt of cold hits you!!!
Your unstable footing causes you to fumble your attack.
Your unstable footing causes you to fumble your attack.
The bog body misses you. The bog body casts a spell at you.
The bolt of cold hits you!!
* * * LOW HITPOINT WARNING * * *
You puncture the bog body!
The bog body is heavily damaged.
You are engulfed in freezing vapours.
* * * LOW HITPOINT WARNING * * *
The bog body completely misses you.
The bog body gestures at you while chanting.
The bolt of cold hits you!!
You die...

.....#..P ........#
P......# P.§.....#
###.....## §§♣§~...#
#.#..<....
§§§§♣~.######...[....
§§§n♣~...##........##
.§§n@~.............#
.§§§♣...##.#......##
.§§§....####..#...#
.§§#....P. .......
##.P.#..... ....
......>..


You could see 2 bog bodies.

Vanquished Creatures
  Harold (D:9)
  The ghost of fleet the Prestidigitator, a journeyman GnWn of Ru (D:10)
  A hydra (Lair:2)
  Nergalle (Lair:2)
  A skyshark (Lair:2)
  4 elephants
  4 cane toads
  A gargoyle (D:10)
  4 komodo dragons
  An unseen horror (D:10)
  2 rime drakes (Lair:2)
  A kobold demonologist (D:10)
  A queen bee (Lair:2)
  9 blink frogs
  A wraith (D:9)
  3 shadows (D:10)
  5 wyverns
  25 yaks
  6 basilisks (Lair:2)
  Eustachio (D:4)
  2 wargs (D:8)
  Menkaure (D:7)
  3 acid dragons (D:10)
  9 water moccasins
  Duvessa (D:7)
  8 orc warriors
  A sky beast (D:8)
  2 black bears
  10 wolves
  5 centaurs
  2 phantoms
  A kobold brigand (D:6)
  8 bullfrogs
  2 gnoll sergeants
  3 water moccasin zombies (Ossuary)
  8 wights (D:9)
  2 troll zombies (D:10)
  Dowan (D:7)
  27 killer bees (Lair:2)
  5 howler monkeys
  A gnoll bouda (D:9)
  2 hounds
  3 jellies
  13 orc priests
  6 iguanas
  10 orc wizards
  6 ogre zombies (D:10)
  3 mummies
  16 gnolls
  10 adders
  A river rat (Lair:2)
  A shadow imp (D:6)
  A white imp (D:7)
  7 adder zombies (Ossuary)
  2 worms
  40 orcs
  4 ball pythons
  8 endoplasms
  2 giant cockroaches
  5 gnoll zombies (Ossuary)
  7 goblins
  3 hobgoblins
  5 jackals
  4 quokkas
  5 bats
  A frilled lizard (D:2)
  A goblin skeleton (D:10)
  2 goblin zombies
  A hobgoblin skeleton (D:10)
  8 hobgoblin zombies
  6 kobolds
  8 kobold zombies
  3 orc skeletons (D:10)
  16 orc zombies
  5 rats
390 creatures vanquished.

Notes
Turn   | Place    | Note
-------+----------+-------------------------------------------
     0 | D:1      | Edyrem the Kobold Gladiator began the quest for the Orb.
     0 | D:1      | Reached XP level 1. HP: 12/12 MP: 1/1
    92 | D:1      | Found a faded altar of an unknown god.
   215 | D:1      | Reached XP level 2. HP: 18/18 MP: 2/2
   970 | D:2      | Reached XP level 3. HP: 23/23 MP: 3/3
  1314 | D:2      | Reached skill level 5 in Short Blades
  1782 | D:3      | Reached XP level 4. HP: 28/28 MP: 4/4
  1986 | D:3      | Identified the +2 leather armour "Ochesu" {Will+}
  2070 | D:3      | Reached XP level 5. HP: 33/33 MP: 5/5
  2551 | D:4      | Found a sparkling altar of Nemelex Xobeh.
  2751 | D:4      | Noticed a phantom
  2769 | D:4      | Killed a phantom
  2770 | D:4      | Reached XP level 6. HP: 31/39 MP: 3/6
  2949 | D:4      | Noticed Eustachio
  2984 | D:4      | Killed Eustachio
  2985 | D:4      | Reached skill level 5 in Fighting
  3110 | D:5      | Entered Level 5 of the Dungeon
  3153 | D:5      | Reached XP level 7. HP: 39/44 MP: 3/7
  3334 | D:5      | Found Uwkidiodd's Lightly-Used Armoury.
  3373 | D:5      | Found an iron altar of Okawaru.
  3379 | D:5      | Became a worshipper of Warmaster Okawaru
  3457 | D:5      | Found a sand-covered staircase.
  3472 | Ossuary  | Entered an ossuary
  3732 | Ossuary  | Reached XP level 8. HP: 52/52 MP: 8/8
  3894 | D:5      | Reached * piety under Okawaru
  4402 | D:6      | Found a white marble altar of Elyvilon.
  4626 | D:6      | Reached skill level 10 in Short Blades
  4770 | D:6      | Reached skill level 1 in Invocations
  4809 | D:6      | Reached ** piety under Okawaru
  4810 | D:6      | Reached XP level 9. HP: 48/59 MP: 6/10
  5287 | D:7      | Found a staircase to the Ecumenical Temple.
  5293 | D:7      | Noticed Duvessa
  5304 | D:7      | Noticed Dowan
  5306 | D:7      | Killed Duvessa
  5307 | D:7      | Reached skill level 5 in Dodging
  5310 | D:7      | Killed Dowan
  5412 | D:7      | Found a blossoming altar of Fedhas.
  5419 | D:7      | Noticed Menkaure
  5427 | D:7      | Killed Menkaure
  5574 | D:7      | You fall into a shaft and drop 2 floors!
  6006 | D:7      | Found Wimiecse's General Store.
  6531 | D:7      | Found Zin's Purification Station.
  6531 | D:7      | Found a glowing silver altar of Zin.
  6536 | D:7      | Bought a potion of curing for 90 gold pieces
  6716 | D:7      | Reached skill level 5 in Invocations
  7167 | D:8      | Reached *** piety under Okawaru
  7265 | D:8      | Reached XP level 10. HP: 61/64 MP: 14/14
  7442 | D:8      | Found a staircase to the Lair.
  7628 | D:8      | Found a sacrificial altar of Ru.
  7887 | D:8      | Found a shadowy altar of Dithmenos.
  8251 | D:9      | Reached **** piety under Okawaru
  8604 | D:9      | Noticed Harold
  8621 | D:9      | Killed Harold
  8621 | D:9      | Received a gift from Okawaru
  8622 | D:9      | Reached skill level 10 in Dodging
  9355 | D:9      | Found a radiant altar of Vehumet.
  9420 | D:9      | Found a snail-covered altar of Cheibriados.
  9632 | D:10     | Entered Level 10 of the Dungeon
  9802 | D:10     | Reached XP level 11. HP: 50/68 MP: 15/17
  9934 | D:10     | Reached ***** piety under Okawaru
  9971 | D:10     | Reached skill level 10 in Invocations
  9971 | D:10     | Found a staircase to the Orcish Mines.
 10022 | D:10     | Found a runed translucent door.
 10022 | D:10     | Noticed fleet's ghost (journeyman GnWn)
 10113 | D:10     | Found a stormy altar of Qazlal.
 10118 | D:10     | Learned a level 3 spell: Confusing Touch
 10385 | D:10     | Reached skill level 5 in Throwing
 10975 | D:10     | Gained mutation: You occasionally lose the ability to drink
                  | potions when taking damage. [a neqoxec]
 10977 | D:10     | Lost mutation: You occasionally lose the ability to drink
                  | potions when taking damage. [potion of mutation]
 10977 | D:10     | Gained mutation: Your mind is acute. (Int +4, Str/Dex -1)
                  | [potion of mutation]
 11187 | D:10     | Received a gift from Okawaru
 11454 | D:10     | Found a shimmering altar of Xom.
 11489 | D:10     | Found a bloodstained altar of Trog.
 11494 | D:10     | Found an opulent altar of Gozag.
 11933 | D:10     | Killed fleet's ghost
 12157 | Lair:1   | Entered Level 1 of the Lair of Beasts
 12543 | Lair:1   | Reached XP level 12. HP: 66/73 MP: 17/20
 13535 | Lair:2   | Identified the +0 leather armour of the End {rF+++ rC++
                  | Dex-3 SInv}
 13628 | Lair:2   | Reached skill level 10 in Throwing
 13656 | Lair:2   | Received a gift from Okawaru
 14276 | Lair:2   | Received a gift from Okawaru
 14518 | Lair:2   | Received a gift from Okawaru
 14713 | Lair:2   | Noticed a skyshark
 14736 | Lair:2   | Killed a skyshark
 14737 | Lair:2   | Reached skill level 1 in Armour
 14923 | Lair:2   | Noticed a five-headed hydra
 14941 | Lair:2   | Killed a five-headed hydra
 14941 | Lair:2   | Received a gift from Okawaru
 15192 | Lair:2   | Reached XP level 13. HP: 74/78 MP: 19/22
 15275 | Lair:2   | Reached ****** piety under Okawaru
 15703 | Lair:2   | Noticed Nergalle
 15774 | Lair:2   | Reached skill level 5 in Armour
 15969 | Lair:2   | HP: 3/75 [spectral orc warrior/+2 glaive of
                  | distortion[Nergalle] (3)]
 15979 | Lair:2   | Killed Nergalle
 16397 | Lair:2   | Lost mutation: Your mind is acute. (Int +4, Str/Dex -1)
                  | [potion of mutation]
 16397 | Lair:2   | Gained mutation: Your muscles are strong. (Str +4, Int/Dex
                  | -1) [potion of mutation]
 16397 | Lair:2   | Gained mutation: You are partially covered in large bone
                  | plates. (SH +4) [potion of mutation]
 16397 | Lair:2   | Gained mutation: You are agile. (Dex +4, Str/Int -1)
                  | [potion of mutation]
 16398 | Lair:2   | Lost mutation: You are agile. (Dex +4, Str/Int -1) [potion
                  | of mutation]
 16398 | Lair:2   | Lost mutation: You are partially covered in large bone
                  | plates. (SH +4) [potion of mutation]
 16398 | Lair:2   | Lost mutation: Your muscles are strong. (Str +4, Int/Dex
                  | -1) [potion of mutation]
 16398 | Lair:2   | Gained mutation: You are clumsy. (Dex -2) [potion of
                  | mutation]
 16398 | Lair:2   | Gained mutation: You expend magic power (3 MP) to
                  | strengthen your wands. [potion of mutation]
 16398 | Lair:2   | Gained mutation: You have a pair of small horns on your
                  | head. [potion of mutation]
 16399 | Lair:2   | Lost mutation: You have a pair of small horns on your head.
                  | [potion of mutation]
 16399 | Lair:2   | Lost mutation: You are clumsy. (Dex -2) [potion of
                  | mutation]
 16399 | Lair:2   | Lost mutation: You expend magic power (3 MP) to strengthen
                  | your wands. [potion of mutation]
 16399 | Lair:2   | Gained mutation: Your body sometimes deteriorates upon
                  | taking damage. [potion of mutation]
 16399 | Lair:2   | Gained mutation: Your spells are a little easier to cast,
                  | but a little less powerful. [potion of mutation]
 16400 | Lair:2   | Lost mutation: Your body sometimes deteriorates upon taking
                  | damage. [potion of mutation]
 16400 | Lair:2   | Lost mutation: Your spells are a little easier to cast, but
                  | a little less powerful. [potion of mutation]
 16400 | Lair:2   | Gained mutation: You are partially covered in large bone
                  | plates. (SH +4) [potion of mutation]
 16400 | Lair:2   | Gained mutation: You have sharp fingernails. [potion of
                  | mutation]
 16401 | Lair:2   | Lost mutation: You have sharp fingernails. [potion of
                  | mutation]
 16401 | Lair:2   | Lost mutation: You are partially covered in large bone
                  | plates. (SH +4) [potion of mutation]
 16401 | Lair:2   | Gained mutation: You do not regenerate when monsters are
                  | visible. [potion of mutation]
 16622 | Lair:2   | Learned a level 3 spell: Swiftness
 16698 | Lair:3   | Received a gift from Okawaru
 16980 | Lair:3   | Found a staircase to the Swamp.
 16994 | Lair:3   | Killed from afar by a bog body

Illustrated notes

Levels and vault maps discovered:
D:1:      sevenhm_arrival_forest_fort_small_5, layout_basic,
          dreamdust_ecumenical_altar_grove, serial_bayou_pond_c
D:2:      layout_basic
D:3:      layout_rooms, ebering_dispersal_statue_hall, minmay_misc_feat_room
D:4:      layout_rooms, mainiacjoe_overflow_boulevard,
          chequers_serial_rivers_small_3, minmay_gold_behind_fungi,
          uniq_eustachio
D:5:      layout_rooms, mainiacjoe_overflow_paths, nicolae_ossuary_entry_giza,
          minmay_shop_damaged
D:6:      layout_loops_ring, nicolae_elyvilon_peaceful_grove
D:7:      layout_loops_corners, zin_purify, lemuel_crystal_altar,
          minmay_temple_entry_statues_pillars, serial_shops, shop, uniq_duvessa,
          uniq_menkaure
D:8:      layout_gridville, nicolae_ru_awakened_eye,
          lemuel_coloured_pillars_altar, erik_lair_orcish_takeover,
          kennysheep_generic_room_12
D:9:      layout_layer_cave, mainiacjoe_overflow_alcove_4, slow_altar_1,
          uniq_harold
D:10:     minmay_razor_zed, layout_loops_ring, mainiacjoe_overflow_tiny_flanked,
          xom_teletrap_fun, mainiacjoe_overflow_big_doors, zombieorc2_lemuel,
          hellmonk_ghost_happy_afterlife, chequers_serial_rivers_large_b,
          kennysheep_generic_room_10
D:11:     layout_irregular_city
Lair:1:   layout_cave_pods
Lair:2:   regret_index_tunnel_blossom, layout_regular_city, uniq_nergalle
Lair:3:   layout_layer_cave, skrybe_swamp_entry_bodies,
          spider_nest_entry_web_field

Skill      XL: |  1  2  3  4  5  6  7  8  9 10 11 12 13 |
---------------+----------------------------------------+-----
Fighting       | 3 4 5 6 8 |  8.1
Short Blades   | 5 6 7 8 10 | 10.1
Invocations    | 1 6 9 11 12 | 12.0
Dodging        | 4 7 10 | 10.8
Throwing       | 7 12 | 12.0
Armour         | 3 6 |  6.9

Action                     |  1- 3 |  4- 6 |  7- 9 | 10-12 | 13-15 || total
---------------------------+-------+-------+-------+-------+-------++-------
  Melee: Rapier            |    54 |    75 |   510 |  1026 |   272 ||  1937
         Short sword       |       |    60 |       |   215 |       ||   275
         Punch             |       |     1 |     7 |    28 |     9 ||    45
  Throw: Boomerang         |       |       |     4 |       |       ||     4
         Dart              |       |       |     4 |    47 |     4 ||    55
         Throwing net      |       |       |     1 |       |       ||     1
 Invoke: Heroism           |       |       |       |     1 |     1 ||     2
    Use: Scroll            |       |       |    16 |     5 |     9 ||    30
         Potion            |       |       |       |     2 |     6 ||     8
   Stab: Sleeping          |    17 |    10 |    10 |    16 |       ||    53
         Distracted        |     1 |       |     1 |     2 |       ||     4
         Held in net/web   |       |       |     1 |       |       ||     1
 Armour: Leather armour    |    12 |    19 |    78 |    99 |    40 ||   248
  Dodge: Dodged            |    26 |   104 |   393 |  1177 |   318 ||  2018
